Map: Blackpink LE

Players

Dark - Winner!

  • Race: Zerg Zerg
  • Spawn Location: 7:00

Reynor

  • Race: Zerg Zerg
  • Spawn Location: 1:00

Event: WESG 2017 Haikou

VOD

Have the link to the VOD?

Description

Time

  • Played on: March 15, 2018, 1:37 a.m.
  • Length: 11:11

All games in this series

Show
View Real Time Build Order
Export as new Build Order

Dark Zerg - Winner!

Build Orders: 1 Base Baneling Bust, Pool First, Muta Ling Bane, Zergling Baneling 

Get SALT Encoding   

  12  0:08  Extractor  
  11  0:20  Spawning Pool  
  10  0:24  Drone  
  11  0:30  Drone  
  11  0:35  Drone  
  13  0:47  Overlord  
  13  1:07  Zergling x4  
  13  1:08  Zergling x2  
  16  1:12  Metabolic Boost  
  16  1:20  Zergling x2  
  17  1:29  Zergling x2  
  18  1:35  Baneling Nest  
  17  1:40  Zergling x2  
  18  1:50  Zergling x2  
  19  1:57  Queen  
  21  2:07  Overlord  
  21  2:14  Zergling x2  
  22  2:19  Baneling x2  
  22  2:28  Baneling  
  21  2:30  Zergling x2  
  21  2:36  Zergling x2  
  23  2:47  Drone  
  23  2:58  Baneling x3  
  23  3:02  Baneling  
  23  3:05  Drone x3  
  26  3:08  Drone x2  
  26  3:22  Drone  
  26  3:29  Drone  
  26  3:40  Zergling x6  
  28  4:00  Hatchery  
  27  4:02  Baneling  
  27  4:03  Baneling, Queen  
  27  4:07  Overlord  
  29  4:17  Drone  
  29  4:21  Drone x2  
  29  4:29  Drone  
  30  4:39  Drone x2  
  30  4:41  Lair  
  30  4:42  Drone x2  
  35  4:45  Drone  
  35  4:49  Drone  
  36  4:55  Drone  
  37  5:01  Extractor  
  37  5:03  Drone  
  36  5:14  Drone  
  36  5:15  Drone x2, Overlord  
  36  5:19  Drone  
  40  5:23  Zergling x2  
  40  5:24  Extractor  
  40  5:25  Extractor  
  39  5:32  Drone  
  39  5:33  Drone  
  41  5:42  Drone  
  42  5:44  Spire  
  42  5:46  Drone x3, Zergling x2  
  42  5:47  Drone, Baneling  
  42  5:49  Baneling  
  46  5:50  Drone  
  46  5:53  Drone  
  48  6:02  Drone  
  48  6:03  Drone  
  49  6:06  Drone  
  50  6:17  Overlord x2  
  51  6:18  Drone  
  51  6:30  Zergling x2  
  52  6:37  Zergling x6  
  52  6:39  Zergling x2  
  56  6:50  Zergling x10  
  59  7:04  Zergling x4  
  59  7:05  Hatchery  
  59  7:06  Mutalisk x3  
  66  7:10  Overlord  
  66  7:11  Mutalisk, Overlord  
  64  7:30  Mutalisk x5  
  64  7:33  Mutalisk  
  75  7:42  Mutalisk  
  76  7:44  Zergling x6  
  76  7:45  Zergling x2  
  77  7:53  Mutalisk x2  
  77  7:55  Zergling x4  
  82  8:00  Overlord  
  82  8:04  Baneling  
  82  8:05  Baneling, Overlord  
  82  8:10  Zerg Flyer Weapons Level 1, Overlord  
  82  8:17  Overlord  
  81  8:21  Mutalisk x2  
  81  8:24  Hatchery  
  84  8:33  Mutalisk  
  86  8:34  Overlord  
  86  8:37  Mutalisk  
  86  8:38  Zergling x6  
  88  8:51  Mutalisk  
  88  8:54  Zergling x2  
  89  8:59  Mutalisk  
  86  9:04  Mutalisk  
  86  9:07  Zergling x12  
  91  9:12  Overlord  
  87  9:17  Mutalisk  
  89  9:27  Queen  
  89  9:28  Drone  
  92  9:32  Centrifical Hooks  
  92  9:38  Zergling x16  
  100  9:43  Drone  
  89  9:51  Mutalisk x2  
  91  9:54  Mutalisk  
  91  9:58  Zergling x2  
  94  10:05  Zergling x8  
  94  10:06  Zergling x2  
  99  10:09  Baneling x6  
  99  10:10  Zergling x4  
  99  10:11  Zergling x2  
  102  10:16  Baneling x3  
  102  10:17  Zergling x4  
  104  10:22  Zergling x2  
  104  10:27  Baneling x2  
  104  10:28  Baneling x3  
  105  10:30  Zergling x10  
  105  10:31  Zergling x2  
  111  10:37  Zergling x4  
  111  10:39  Zergling x4  
  111  10:40  Baneling  
  115  10:47  Baneling  
  115  10:48  Baneling x6, Zergling x2  
  116  10:50  Overlord  
Show
View Real Time Build Order
Export as new Build Order

Reynor Zerg 

Build Orders: Hatch First 

Get SALT Encoding   

  12  0:00  Drone  
  13  0:12  Overlord  
  13  0:17  Drone  
  14  0:31  Drone x2  
  14  0:35  Drone  
  17  0:51  Hatchery  
  17  0:55  Drone  
  17  0:58  Drone  
  18  1:10  Extractor  
  17  1:13  Spawning Pool  
  17  1:16  Drone  
  17  1:19  Drone  
  18  1:28  Drone  
  19  1:59  Zergling x4  
  21  2:02  Spine Crawler, Queen, Zergling x2  
  21  2:04  Queen  
  21  2:05  Zergling x2  
  26  2:13  Zergling x2  
  27  2:19  Zergling x2  
  27  2:26  Zergling x2  
  28  2:37  Baneling Nest  
  27  2:43  Zergling x2  
  25  2:51  Queen  
  22  2:59  Overlord  
  22  3:10  Evolution Chamber  
  22  3:12  Zergling x2  
  23  3:20  Zergling x4  
  23  3:26  Zergling x2  
  24  3:27  Zergling x2  
  24  3:31  Baneling x2  
  25  3:46  Drone  
  26  3:51  Drone  
  26  3:55  Drone  
  27  3:58  Drone  
  27  4:02  Drone  
  29  4:23  Drone  
  29  4:25  Drone  
  29  4:28  Drone  
  29  4:31  Overlord  
  29  4:38  Hatchery  
  28  4:47  Zergling x2  
  28  4:50  Zergling x4  
  31  4:56  Drone x2  
  31  4:58  Drone  
  34  5:04  Metabolic Boost  
  34  5:11  Drone  
  35  5:17  Overlord  
  35  5:18  Drone  
  35  5:19  Drone  
  37  5:36  Evolution Chamber  
  37  5:37  Zergling x4  
  38  5:44  Baneling  
  38  5:45  Drone x3  
  38  5:47  Drone  
  42  5:50  Drone  
  43  6:03  Overlord  
  43  6:04  Zerg Missile Weapons Level 1  
  43  6:05  Drone  
  44  6:19  Hatchery, Drone  
  44  6:20  Drone  
  44  6:22  Extractor  
  44  6:27  Roach Warren  
  44  6:31  Drone x2  
  45  6:33  Drone  
  45  6:37  Drone x2  
  48  6:40  Drone  
  48  6:46  Lair  
  48  6:51  Drone x3  
  50  6:57  Overlord  
  50  7:03  Drone x5  
  50  7:08  Extractor, Drone  
  54  7:12  Zergling x2  
  54  7:13  Zergling x6  
  59  7:20  Zergling x6  
  62  7:27  Zergling x4  
  63  7:32  Zergling x2  
  63  7:35  Zergling x4  
  63  7:44  Drone x3  
  63  7:47  Queen  
  63  7:48  Extractor  
  63  7:49  Hydralisk Den  
  63  7:51  Roach  
  72  7:52  Queen  
  72  7:55  Spore Crawler  
  72  7:57  Spore Crawler, Zergling x6  
  72  7:58  Zergling x2  
  71  8:03  Spore Crawler, Zergling x2  
  71  8:04  Zergling x2  
  67  8:06  Drone  
  67  8:10  Drone x2  
  68  8:16  Overlord  
  68  8:21  Muscular Augments  
  68  8:24  Overlord  
  68  8:29  Overlord  
  68  8:34  Spore Crawler  
  66  8:41  Hydralisk, Spore Crawler  
  66  8:48  Hydralisk x6  
  71  8:58  Hydralisk x3  
  75  9:03  Hydralisk  
  75  9:08  Hydralisk  
  72  9:21  Glial Reconstitution  
  72  9:25  Drone x2  
  72  9:27  Hydralisk, Extractor  
  72  9:30  Overlord  
  75  9:33  Overlord  
  75  9:34  Hatchery  
  75  9:37  Grooved Spines  
  67  9:47  Overlord  
  67  9:49  Queen  
  67  9:50  Roach x2  
  73  9:53  Roach  
  73  9:57  Hydralisk  
  77  10:00  Hydralisk  
  79  10:07  Roach x2  
  79  10:11  Hydralisk  
  85  10:15  Hydralisk  
  85  10:19  Overlord  
  87  10:22  Hydralisk  
  87  10:27  Roach  
  91  10:31  Overlord  
  91  10:37  Hydralisk x2  
  95  10:44  Hydralisk  
  95  10:47  Hydralisk  
  99  10:50  Drone x2  
Tags
 
Add a new tag
Caveats
  • Supply blocks, unpowered buildings, or Contaminate may cause inaccurate times.
  • Supply counts are checked every 10 seconds.